Map: Ever Dream LE

Players

Massa - Winner!

  • Race: Terran Terran
  • League: Gold
  • Spawn Location: 7:00

Iga

  • Race: Protoss Protoss
  • Spawn Location: 1:00

VOD

Have the link to the VOD?

Description

Time

  • Played on: Aug. 11, 2020, 5:41 a.m.
  • Length: 13:44
Show
View Real Time Build Order
Export as new Build Order

Massa Terran - Winner!

Build Orders:  

Get SALT Encoding   

  12  0:01  SCV  
  13  0:13  SCV  
  14  0:25  SCV, Supply Depot  
  15  0:46  SCV  
  15  0:48  Barracks  
  16  0:58  SCV  
  17  1:15  SCV  
  18  1:24  Command Center  
  17  1:27  SCV  
  18  1:39  SCV  
  19  1:46  Marine  
  20  1:49  Refinery  
  20  1:51  Refinery, SCV  
  21  2:00  Supply Depot  
  21  2:04  Marine  
  21  2:07  Orbital Command  
  22  2:23  Barracks  
  22  2:34  SCV  
  23  2:46  SCV  
  23  2:51  Marine  
  25  2:53  SCV  
  26  2:59  SCV  
  26  3:05  SCV, Factory  
  28  3:09  Marine  
  28  3:11  SCV  
  30  3:13  Marine  
  30  3:17  SCV  
  32  3:23  SCV  
  33  3:29  SCV  
  33  3:32  Engineering Bay  
  34  3:35  SCV  
  34  3:39  Supply Depot  
  36  3:41  Marine x2  
  36  3:44  Orbital Command  
  36  3:47  SCV  
  38  3:50  Widow Mine  
  40  3:59  SCV, Marine  
  40  4:01  Missile Turret  
  42  4:11  Widow Mine, SCV  
  45  4:19  SCV  
  45  4:23  SCV, Missile Turret  
  47  4:25  Marine x2  
  47  4:30  Starport  
  49  4:31  SCV  
  49  4:33  Widow Mine  
  49  4:35  SCV  
  49  4:37  Barracks  
  53  4:43  Marine  
  54  4:54  Supply Depot  
  54  5:08  Supply Depot  
  54  5:22  Supply Depot  
  54  5:29  Marine x2  
  54  5:30  Widow Mine  
  58  5:47  Marine  
  59  5:51  Widow Mine  
  59  5:54  Medivac  
  59  6:04  Marine  
  59  6:05  Marine  
  61  6:22  Marine  
  62  6:26  Factory Tech Lab  
  62  6:31  Command Center  
  62  6:36  Supply Depot  
  62  6:43  Terran Infantry Armor Level 1, Armory  
  62  6:49  Engineering Bay  
  62  6:52  Missile Turret  
  62  6:58  Marine, Missile Turret, Medivac  
  62  7:00  Barracks Tech Lab  
  62  7:01  Supply Depot  
  65  7:07  Supply Depot  
  65  7:09  Refinery  
  65  7:13  Missile Turret  
  65  7:16  Marine  
  65  7:18  Missile Turret  
  66  7:24  Supply Depot  
  66  7:33  Marine  
  68  7:39  Marauder  
  68  7:43  Starport Tech Lab  
  69  7:47  Supply Depot  
  69  7:51  Marine  
  69  7:52  Barracks Tech Lab  
  69  7:58  Siege Tank  
  73  8:00  Marauder  
  73  8:01  SCV  
  73  8:02  SCV  
  73  8:04  Planetary Fortress  
  77  8:11  Supply Depot  
  77  8:13  SCV  
  77  8:14  SCV  
  79  8:21  Marauder  
  79  8:22  Terran Vehicle And Ship Armor Level 1  
  79  8:25  Terran Infantry Weapons Level 1  
  79  8:26  SCV x2  
  83  8:27  Stimpack  
  83  8:29  Concussive Shells  
  83  8:30  Siege Tank  
  86  8:38  SCV x2  
  88  8:45  Barracks  
  88  8:46  Barracks  
  88  8:50  SCV x2  
  67  9:28  Marauder x2  
  67  9:34  Barracks Reactor, Barracks Tech Lab x2  
  67  9:44  Command Center  
  67  9:49  Marauder  
  67  9:50  Marauder  
  71  9:53  Command Center  
  73  10:07  Marauder x2  
  73  10:09  Combat Shield  
  73  10:11  Marauder x2  
  73  10:13  Thor  
  85  10:21  Missile Turret  
  85  10:23  Refinery  
  87  10:28  Marauder  
  87  10:29  Marauder  
  87  10:31  Refinery  
  87  10:32  Refinery, Marauder  
  87  10:33  SCV, Marauder  
  87  10:34  SCV  
  95  10:38  Marine x2  
  95  10:40  Missile Turret  
  97  10:45  SCV  
  97  10:46  SCV  
  97  10:49  Supply Depot  
  101  10:50  Marauder x2  
  101  10:54  Marauder x2  
  101  10:56  Marine x2  
  109  10:58  SCV x2  
  109  11:00  Missile Turret  
  111  11:08  Planetary Fortress  
  111  11:10  SCV x2  
  116  11:11  Marauder x2  
  116  11:12  Supply Depot  
  116  11:14  Marine x2  
  116  11:15  Marauder, Marine  
  122  11:22  SCV x2  
  124  11:31  Marine  
  124  11:32  Marauder, Marine  
  130  11:33  Marauder x2  
  130  11:35  Supply Depot  
  130  11:36  Marauder  
  130  11:38  Armory  
  134  11:49  Marine  
  134  11:50  SCV  
  134  11:51  SCV x2  
  142  11:54  Marauder x2  
  142  11:55  Marauder, Planetary Fortress  
  142  11:58  Marauder  
  146  12:02  SCV  
  146  12:03  SCV x2  
  149  12:09  Marine x2  
  149  12:14  SCV  
  149  12:15  SCV x2, Marauder x2  
  158  12:16  Marauder  
  158  12:19  Marauder  
  158  12:20  Supply Depot  
  162  12:23  Supply Depot  
  162  12:26  SCV, Marine  
  164  12:42  SCV x3, Marauder x2, Marine  
  172  12:44  Marauder x2, Marine  
  172  12:49  Raven  
  179  12:54  SCV  
  180  12:59  Supply Depot x3  
  180  13:02  Supply Depot  
  180  13:17  SCV, Marine  
  180  13:18  Marauder  
  180  13:21  Marauder x2  
  163  13:27  Supply Depot x2  
  163  13:29  Supply Depot  
  163  13:31  Supply Depot  
Show
View Real Time Build Order
Export as new Build Order

Iga Protoss 

Build Orders:  

Get SALT Encoding   

  12  0:00  Probe  
  13  0:12  Probe  
  14  0:20  Pylon  
  14  0:25  Probe (Chrono Boost)  
  15  0:40  Probe (Chrono Boost)  
  16  0:43  Gateway  
  16  0:45  Probe (Chrono Boost)  
  16  0:49  Assimilator  
  17  0:56  Probe  
  18  1:08  Probe  
  19  1:20  Probe  
  19  1:25  Assimilator  
  20  1:32  Probe  
  21  1:35  Cybernetics Core  
  21  1:44  Probe  
  22  1:56  Probe, Pylon  
  23  2:12  Nexus, Warp Gate (Chrono Boost)  
  23  2:14  Probe  
  24  2:26  Probe  
  25  2:38  Probe  
  26  2:51  Pylon  
  26  3:00  Gateway x2  
  26  3:03  Robotics Facility  
  26  3:08  Probe  
  27  3:16  Assimilator  
  27  3:19  Assimilator  
  27  3:20  Probe  
  28  3:28  Forge  
  28  3:39  Probe  
  28  3:40  Probe  
  30  3:51  Observer  
  30  3:52  Probe x2  
  33  3:56  Stalker x2  
  33  3:57  Protoss Ground Weapons Level 1 (Chrono Boost), Stalker  
  39  4:11  Probe x2  
  41  4:22  Immortal  
  41  4:23  Probe  
  41  4:24  Probe  
  47  4:36  Probe x2  
  49  4:41  Stalker  
  49  4:42  Stalker  
  53  4:50  Pylon x2  
  53  5:09  Stalker x3  
  48  5:44  Probe  
  48  5:45  Probe  
  50  5:55  Gateway  
  50  5:58  Gateway  
  50  6:02  Gateway, Protoss Ground Armor Level 1 (Chrono Boost)  
  40  6:07  Stalker x3  
  46  6:11  Observer  
  47  6:29  Probe  
  47  6:31  Probe  
  49  6:34  Stalker  
  49  6:35  Nexus, Stalker x2  
  49  6:37  Pylon  
  49  6:38  Pylon  
  55  6:46  Probe  
  55  6:47  Probe  
  57  6:53  Sentry x2  
  61  6:56  Zealot  
  61  7:00  Immortal (Chrono Boost)  
  67  7:16  Zealot  
  67  7:17  Zealot x2  
  67  7:18  Zealot  
  67  7:20  Sentry  
  67  7:21  Sentry  
  79  7:29  Immortal (Chrono Boost)  
  83  7:44  Pylon x2  
  83  7:46  Probe x2, Pylon  
  85  7:55  Probe  
  85  7:58  Probe x2  
  88  7:59  Zealot x2  
  88  8:01  Stalker x2  
  88  8:02  Stalker  
  98  8:17  Assimilator  
  98  8:20  Assimilator  
  98  8:22  Shield Battery  
  60  9:35  Probe x2  
  62  9:43  Stalker  
  62  9:44  Stalker  
  62  9:45  Stalker x3  
  70  9:46  Stalker  
  74  9:55  Robotics Bay  
  74  10:01  Probe x3  
  77  10:17  Probe x3  
  80  10:30  Zealot x2  
  80  10:31  Zealot x4  
  92  10:40  Extended Thermal Lance (Chrono Boost)  
  92  10:42  Colossus (Chrono Boost)  
  92  10:48  Probe x3  
  101  11:03  Probe x2  
  101  11:04  Probe  
  104  11:05  Nexus  
  104  11:06  Stalker x2  
  104  11:07  Pylon x2, Stalker x4  
  116  11:18  Colossus  
  116  11:26  Twilight Council  
  116  11:28  Probe x3  
  125  11:40  Probe  
  125  11:43  Sentry x2  
  125  11:45  Sentry  
  132  11:48  Zealot x3  
  138  12:23  Stalker x3  
  138  12:24  Stalker x3  
  138  12:27  Assimilator  
  150  12:31  Assimilator  
Tags
 
League
Gold
Matchup
PvT
Replay Pack
Multiplayer
Spawn Locations
Cross Positions
Add a new tag
Caveats
  • Supply blocks, unpowered buildings, or Contaminate may cause inaccurate times.
  • Supply counts are checked every 10 seconds.